 Dungeon Crawl Stone Soup version 0.29-a0-504-gec6baf379c (webtiles) character file.

Game seed: 14936615901093774270

32694 Colgate the Sharpshooter (level 14, -3/92 HPs)
             Began as a Kobold Brigand on May 28, 2022.
             Was an Elder of Fedhas.
             Slain by a death yak (17 damage)
             ... on level 4 of the Lair of Beasts.
             The game lasted 01:08:08 (19390 turns).

Colgate the Sharpshooter (Kobold Brigand)          Turns: 19390, Time: 01:08:08

Health: -3/92      AC: 13    Str:  9    XL:     14   Next: 4%
Magic:  0/22       EV: 20    Int: 13    God:    Fedhas [****..]
Gold:   929        SH:  0    Dex: 20    Spells: 13/13 levels left

rFire   + . .      SeeInvis .   b - +1 arbalest
rCold   x . .      Faith    .   (shield currently unavailable)
rNeg    . . .      Spirit   +   Y - +0 steam dragon scales
rPois   .          Reflect  .   x - +0 hat
rElec   .          Harm     .   q - +2 cloak
rCorr   .          Rampage  .   O - +2 pair of gloves
Will    +....                   R - +1 pair of boots
Stlth   +++++.....              r - amulet of guardian spirit
HPRegen 0.25/turn               u - ring of fire
MPRegen 0.18/turn               m - +4 ring of slaying

@: marked, studying Axes
A: small, no large weapons, nightstalker 3
a: Renounce Religion, Wall of Briars, Grow Ballistomycete, Overgrow


You were on level 4 of the Lair of Beasts.
You worshipped Fedhas.
Fedhas was greatly pleased with you.
You visited 3 branches of the dungeon, and saw 15 of its levels.
You also visited: Sewer.

You collected 929 gold pieces.

Inventory:

Hand Weapons
 a - a +2 dagger of draining
 b - a +1 arbalest (weapon)
Missiles
 d - 70 poisoned darts
 N - 3 throwing nets {!f}
 P - 13 curare-tipped darts
Armour
 q - a +2 cloak (worn)
 x - a +0 hat (worn)
 O - a +2 pair of gloves (worn)
 R - a +1 pair of boots (worn)
 Y - +0 steam dragon scales (worn)
Jewellery
 k - the ring "Qevod" {Wiz rElec rN+ Str+6 Dex-2}
   (You found it on level 2 of the Lair of Beasts)

   [ring of wizardry]

   It improves your spell success rate.
   Str:       It affects your strength (+6).
   Dex:       It affects your dexterity (-2).
   rElec:     It insulates you from electricity.
   rN:        It protects you from negative energy.
 m - a +4 ring of slaying (right hand)
 r - an amulet of guardian spirit (around neck)
 s - an amulet of regeneration
 u - a ring of fire (left hand)
 B - a ring of resist corrosion
 M - a ring of protection from cold
 Q - a ring of positive energy
 U - a ring of willpower
 W - a ring of ice
Wands
 w - a wand of polymorph (18)
 C - a wand of digging (7) {@v3}
 L - a wand of mindburst (4)
 T - a wand of flame (13)
 Z - a wand of iceblast (5) {@v2}
Scrolls
 c - 2 scrolls of summoning
 i - 7 scrolls of fog
 n - a scroll of acquirement {unknown}
 o - a scroll of silence {unknown}
 p - 2 scrolls of teleportation {@r3}
 t - a scroll of vulnerability {unknown}
 y - 2 scrolls of amnesia
 A - a scroll of fear
 D - a scroll of brand weapon {unknown}
 E - 5 scrolls of immolation
 F - 2 scrolls of magic mapping {@r5}
 H - 5 scrolls of blinking {@r4}
 S - a scroll of poison {unknown}
Potions
 e - a potion of haste {@q4}
 f - 3 potions of heal wounds {@q2}
 g - a potion of berserk rage {unknown}
 h - 2 potions of ambrosia
 j - 2 potions of curing {@q1}
 l - 2 potions of flight
 v - 5 potions of lignification
 z - a potion of brilliance
 G - 2 potions of might {@q3}
 I - 4 potions of resistance {@q5}
 J - 2 potions of invisibility
 K - 3 potions of cancellation
 V - a potion of mutation {unknown}
 X - 2 potions of magic


   Skills:
 + Level 12.9 Fighting
 - Level 5.8(6.0) Short Blades
 - Level 1.1(2.5) Long Blades
 - Level 16.0 Crossbows
 - Level 2.1 Throwing
 - Level 8.2 Dodging
 - Level 8.5 Stealth
 - Level 11.0 Invocations
 - Level 9.0 Evocations


You had 13 spell levels left.
You didn't know any spells.
Your spell library contained the following spells:

 Spells                   Type           Power      Damage    Failure   Level
 Freeze                   Ice            0%         1d3       30%         1
 Magic Dart               Conj           0%         1d3       30%         1
 Sandblast                Erth           0%         2d4       30%         1
 Passwall                 Tmut/Erth      0%         N/A       43%         2
 Searing Ray              Conj           0%         2d4       43%         2
 Frozen Ramparts          Ice            0%         1d2       67%         3
 Stone Arrow              Conj/Erth      0%         3d7       67%         3
 Tukima's Dance           Hex            0%         N/A       67%         3
 Animate Armour           Summ/Erth      0%         N/A       97%         4
 Fulminant Prism          Conj/Hex       0%         3d6       97%         4
 Hailstorm                Conj/Ice       0%         3d3       97%         4
 Passage of Golubria      Tloc           0%         N/A       97%         4
 Yara's Violent Unravell  Hex/Tmut       0%         3d3       100%        5
 Conjure Ball Lightning   Conj/Air       0%         3x3d6     100%        6
 Discord                  Hex            0%         N/A       100%        8
 Disjunction              Tloc           0%         N/A       100%        8
 Lehudib's Crystal Spear  Conj/Erth      0%         10d2      100%        8


Dungeon Overview and Level Annotations

Branches:
Dungeon (10/15)            Temple (1/1) D:5            Lair (4/6) D:9
 Shoals (0/4) Lair:3        Snake (0/4) Lair:3        Sewer (visited)
    Orc: D:9-12

Altars:
Ashenzari
Cheibriados
Dithmenos
Elyvilon
Fedhas
Gozag
Hepliaklqana
Kikubaaqudgha
Makhleb
Nemelex Xobeh
Okawaru
Qazlal
Ru
Sif Muna
Trog
Uskayaw
Vehumet
Wu Jian
Xom
Yredelemnul
Zin
The Shining One

Shops:
D:9 (

Annotations:
D:4 kallion takana aseita


Innate Abilities, Weirdness & Mutations

You are small and have problems with some larger weapons.
You are completely attuned to the shadows.


Message History

Your oklob sapling spits acid at the black mamba.
The splash of acid hits the blink frog!!
The blink frog dies!
Fedhas appreciates your contribution to the ecosystem.
The death yak closely misses you.
Shoot: b) +1 arbalest
Aim: a black mamba (ally target, 65% to hit)
You shoot a bolt. The bolt hits the black mamba!!
The black mamba bites you!
A water moccasin comes into view.
The blink frog blinks!
A komodo dragon comes into view.
The black mamba bites you but does no damage.
The blink frog hits you!
* * * LOW HITPOINT WARNING * * *
Shoot: b) +1 arbalest
Aim: a black mamba (heavily wounded, ally target, 65% to hit)
You shoot a bolt.
The bolt closely misses the black mamba.
The black mamba completely misses you.
A blink frog comes into view.
The blink frog barely misses you. The black mamba closely misses you.
The death yak gores your burning bush!! The death yak gores you!
* * * LOW HITPOINT WARNING * * *
Shoot: b) +1 arbalest
Aim: a black mamba (heavily wounded, ally target, 65% to hit)
You shoot a bolt. The bolt hits the black mamba!
The black mamba misses you.
The blink frog blinks!
The black mamba bites you!
* * * LOW HITPOINT WARNING * * *
You are lethally poisoned!
The black mamba poisons you! The water moccasin misses you.
A death yak comes into view.
The death yak misses you.
You feel better. The blink frog completely misses you.
The black mamba closely misses you. The water moccasin misses you.
The blink frog hits the bush!
The blink frog hits you but does no damage.
The death yak gores you!
You die...
Fedhas appreciates your contribution to the ecosystem.

#...####
#....#.#
##P...#
##...#
##..##
##...#
#...F##
###SSP##
##@YP#
#PFY.#
#Pl..#
#fP..#
###.Y.


You could see 3 death yaks, a komodo dragon, a black mamba (ally target), 2
blink frogs, a water moccasin, a friendly wandering mushroom (summoned), 2
friendly burning bushes and a friendly oklob sapling (summoned).

Vanquished Creatures
  The ghost of blade888 the Thaumaturge, a journeyman GnFE of Ashenzari (Lair:1)
  A two-headed ogre (D:10)
  6 death yaks
  Nergalle (Lair:3)
  A fire crab (Lair:2)
  2 black mambas
  An elephant (Lair:2)
  6 komodo dragons
  8 cane toads
  4 rime drakes
  A troll (D:10)
  2 polar bears
  Prince Ribbit (D:6)
  9 blink frogs
  Sigmund (D:2)
  3 wyverns
  Eustachio (D:6)
  2 fire bats (Lair:3)
  3 fire elementals (Lair:3)
  2 basilisks
  19 yaks
  A steam dragon (D:7)
  3 acid dragons
  9 water moccasins
  A hell hound (Lair:3)
  4 black bears
  Pargi (Sewer)
  2 sky beasts
  3 orc warriors (D:7)
  2 ogres
  A wolf (Lair:2)
  4 centaurs
  3 kobold brigands (D:10)
  10 bullfrogs
  Blork the orc (D:6)
  2 necrophages (D:7)
  A gnoll sergeant (D:6)
  A scorpion (D:7)
  7 wights
  24 killer bees
  A troll skeleton (D:10)
  5 spriggan skeletons (D:10)
  3 electric eels
  A jelly (D:8)
  Crazy Yiuf (D:6)
  A gnoll shaman (D:8)
  5 orc priests
  Ijyb (D:5)
  An iguana (D:5)
  7 orc wizards
  A river rat (D:5)
  5 adders
  17 gnolls
  4 shadow imps
  2 worms
  2 dart slugs (D:4)
  17 orcs
  8 endoplasms
  5 giant cockroaches
  10 hobgoblins
  17 kobolds
  5 quokkas
  16 ball pythons
  4 bats
  10 frilled lizards
  6 goblins
  13 rats
323 creatures vanquished.

Vanquished Creatures (collateral kills)
  A hydra (Lair:2)
  2 boulder beetles
  Sonja (Lair:2)
  5 black mambas
  A cane toad (Lair:1)
  A kobold demonologist (D:10)
  7 blink frogs
  A vampire (D:10)
  2 yaks (Lair:1)
  3 water moccasins
  14 kobold brigands (D:10)
  A bullfrog (Lair:1)
  4 kobolds (D:10)
  9 ballistomycete spores
52 creatures vanquished.

Vanquished Creatures (others)
  A water moccasin (Lair:2)
  A bullfrog (Lair:2)
  A ballistomycete spore (Lair:3)
  13 fungi
  38 plants
54 creatures vanquished.

Grand Total: 429 creatures vanquished

Notes
Turn   | Place    | Note
-------+----------+-------------------------------------------
     0 | D:1      | Colgate the Kobold Brigand began the quest for the Orb.
     0 | D:1      | Reached XP level 1. HP: 12/12 MP: 1/1
   128 | D:1      | Reached XP level 2. HP: 12/17 MP: 2/2
   588 | D:1      | Reached XP level 3. HP: 22/22 MP: 3/3
   648 | D:1      | Found a faded altar of an unknown god.
   655 | D:1      | Prayed at the altar of an unknown god.
   655 | D:1      | Became a worshipper of Fedhas Madash
   655 | D:1      | Reached * piety under Fedhas
  1253 | D:2      | Reached XP level 4. HP: 28/28 MP: 4/4
  1410 | D:2      | Noticed Sigmund
  1414 | D:2      | Killed Sigmund
  1415 | D:2      | Reached XP level 5. HP: 32/32 MP: 5/5
  1415 | D:2      | Reached XP level 6. HP: 37/37 MP: 6/6
  1833 | D:2      | Reached ** piety under Fedhas
  2398 | D:3      | Found a burning altar of Makhleb.
  2413 | D:3      | You fall into a shaft and drop 3 floors!
  2495 | D:6      | Reached skill level 5 in Short Blades
  2603 | D:6      | Noticed Blork the orc
  2616 | D:6      | Killed Blork the orc
  2733 | D:6      | Noticed a sky beast
  2817 | D:6      | Noticed a black bear
  2832 | D:6      | Found a radiant altar of Vehumet.
  2837 | D:6      | Reached skill level 1 in Long Blades
  2837 | D:6      | Reached XP level 7. HP: 41/41 MP: 7/7
  2919 | D:5      | Entered Level 5 of the Dungeon
  2985 | D:5      | Found a glowing drain.
  3013 | D:5      | Reached skill level 1 in Crossbows
  3019 | Sewer    | Entered a sewer
  3075 | Sewer    | Noticed Pargi
  3093 | Sewer    | Killed Pargi
  3094 | Sewer    | Reached skill level 3 in Crossbows
  3276 | D:5      | Noticed Ijyb
  3303 | D:5      | Killed Ijyb
  3501 | D:5      | Found a staircase to the Ecumenical Temple.
  3504 | D:5      | Reached skill level 4 in Crossbows
  3506 | Temple   | Entered the Ecumenical Temple
  4113 | D:4      | Found a transporter.
  4137 | D:4      | Found a transporter.
  4187 | D:4      | Reached *** piety under Fedhas
  4195 | D:4      | Reached skill level 5 in Crossbows
  4218 | D:4      | Found a hide-covered altar of Uskayaw.
  4222 | D:4      | Noticed a +0 hand axe
  4223 | D:4      | Noticed a +0 hand axe
  4687 | D:3      | Reached XP level 8. HP: 44/46 MP: 8/8
  4689 | D:3      | Reached skill level 6 in Crossbows
  5168 | D:4      | Reached skill level 1 in Invocations
  6290 | D:6      | Reached skill level 5 in Invocations
  6302 | D:6      | Found a shadowy altar of Dithmenos.
  6485 | D:6      | Reached **** piety under Fedhas
  6555 | D:6      | Noticed Eustachio
  6643 | D:6      | Killed Eustachio
  6644 | D:6      | Reached XP level 9. HP: 44/50 MP: 13/13
  6661 | D:6      | Found a runed translucent door.
  6664 | D:6      | Noticed Crazy Yiuf
  6667 | D:6      | Killed Crazy Yiuf
  6728 | D:6      | Noticed Prince Ribbit
  6738 | D:6      | Killed Prince Ribbit
  6860 | D:6      | Found an opulent altar of Gozag.
  7336 | D:6      | Reached skill level 5 in Fighting
  7679 | D:7      | Reached skill level 5 in Dodging
  7695 | D:7      | Reached XP level 10. HP: 55/63 MP: 14/14
  8530 | D:7      | Reached skill level 7 in Crossbows
  8615 | D:7      | Found a sparkling altar of Nemelex Xobeh.
  8807 | D:8      | Reached skill level 8 in Crossbows
  9124 | D:8      | Reached skill level 9 in Crossbows
  9343 | D:8      | Reached ***** piety under Fedhas
  9699 | D:9      | Found a staircase to the Lair.
  9742 | D:9      | Found Zagrusuuha's Weapon Boutique.
  9939 | D:9      | Reached skill level 10 in Crossbows
 10514 | D:10     | Entered Level 10 of the Dungeon
 10691 | D:10     | Reached XP level 11. HP: 49/71 MP: 10/16
 11407 | D:10     | Noticed a two-headed ogre
 11411 | D:10     | Killed a two-headed ogre
 11680 | D:10     | Reached skill level 10 in Invocations
 11720 | D:10     | Found a hazy altar of Hepliaklqana.
 12581 | Lair:1   | Entered Level 1 of the Lair of Beasts
 12894 | Lair:1   | Reached skill level 10 in Fighting
 12930 | Lair:1   | Reached XP level 12. HP: 28/79 MP: 8/20
 13740 | Lair:1   | You fall into a shaft and drop 1 floor!
 13797 | Lair:1   | Reached skill level 11 in Crossbows
 13973 | Lair:1   | Found a large runed translucent door.
 13973 | Lair:1   | Found a large runed translucent door.
 14655 | Lair:1   | Noticed blade888's ghost (journeyman GnFE)
 14667 | Lair:1   | Killed blade888's ghost
 14668 | Lair:1   | Reached skill level 12 in Crossbows
 14968 | Lair:1   | Identified the +1 leather armour "Tamueng" {rC+}
 15432 | Lair:2   | Reached skill level 13 in Crossbows
 15587 | Lair:2   | Noticed Sonja
 15590 | Lair:2   | Killed Sonja
 15832 | Lair:2   | Noticed a death yak
 15845 | Lair:2   | Killed a death yak
 15852 | Lair:2   | Reached skill level 14 in Crossbows
 15869 | Lair:2   | Noticed a fire crab
 15873 | Lair:2   | Killed a fire crab
 15874 | Lair:2   | Reached XP level 13. HP: 70/83 MP: 18/21
 15949 | Lair:2   | Noticed a boulder beetle
 15973 | Lair:2   | Identified the +1 short sword "Paeme" {vorpal, rElec Str+4
                  | Int-2}
 16234 | Lair:2   | Noticed a five-headed hydra
 16240 | Lair:2   | Reached skill level 15 in Crossbows
 16242 | Lair:2   | Killed a five-headed hydra
 16393 | Lair:2   | Identified the ring "Qevod" {Wiz rElec rN+ Str+6 Dex-2}
 16640 | Lair:2   | Found a glowing golden altar of the Shining One.
 16933 | Lair:2   | Reached skill level 16 in Crossbows
 16980 | Lair:2   | Noticed a boulder beetle
 16990 | Lair:2   | Killed a boulder beetle
 16991 | Lair:2   | Reached skill level 5 in Evocations
 17162 | Lair:3   | Found a staircase to the Snake Pit.
 17715 | Lair:3   | Noticed a boulder beetle
 17722 | Lair:3   | Killed a boulder beetle
 18004 | Lair:3   | Found a transporter.
 18459 | Lair:3   | Noticed Nergalle
 18471 | Lair:3   | Killed Nergalle
 18703 | Lair:3   | Found a transporter.
 18988 | Lair:3   | Found a staircase to the Shoals.
 19351 | Lair:4   | Reached XP level 14. HP: 92/92 MP: 22/22
 19389 | Lair:4   | HP: 3/92 [black mamba (7)]
 19390 | Lair:4   | Slain by a death yak

Illustrated notes

Levels and vault maps discovered:
D:1:      erik_arrival_orb_chamber, layout_basic,
          shapermc_ecumenical_altar_mp_urbaneastern, minmay_shallow_snake_nest
D:2:      layout_basic, uniq_sigmund
D:3:      layout_rooms, mainiacjoe_overflow_small_starburst,
          hangedman_abyss_or_decor_lesser_grid
D:4:      gammafunk_wand_slinger, layout_layer_cave, dancing_weapons_uskayaw
D:5:      layout_layer_cave, minmay_temple_entry_proselytizer,
          portal_sewer_entry_b, uniq_ijyb
D:6:      layout_layer_cave, nicolae_vehumet_radiance,
          mainiacjoe_overflow_24_doors, grunt_gozag_breadcrumbs,
          uniq_blork_the_orc, uniq_crazy_yiuf_cottage, uniq_eustachio,
          uniq_prince_ribbit1
D:7:      layout_cave_pods, kennysheep_mini_moat
D:8:      layout_loops_cross
D:9:      layout_roguey, lair_entry_dummy, serial_shops,
          nicolae_shop_bloodbath_and_beyond
D:10:     layout_roguey [special_room_kobold], nzn_hepliaklqana_mist_gate,
          hangedman_tell_no_tales
Temple:   regret_index_temple_generic_petals
Lair:1:   layout_chaotic_city, ebering_ghost_disaster_area, wad_woods_river_04,
          grunt_megastairs_2, infiniplex_staircase_pool
Lair:2:   nzn_winding_woodlands_large [nzn_winding_woodlands_5x5_open_star,
          nzn_winding_woodlands_5x15_parted, nzn_winding_woodlands_5x5_cross,
          nzn_winding_woodlands_center_garden,
          nzn_winding_woodlands_15x15_thick_spiral,
          nzn_winding_woodlands_center_lodge,
          nzn_winding_woodlands_5x5_perimeter,
          nzn_winding_woodlands_5x15_sawtooth,
          nzn_winding_woodlands_5x5_closed_star], layout_chaotic_city,
          lemuel_oklob_altar, uniq_sonja
Lair:3:   gammafunk_cloud_chamber, layout_hall_layers, elwin_shoals_entry_rooms,
          guppyfry_snake_entry_garden, lemuel_old_faithful, uniq_nergalle
Lair:4:   layout_hall_layers, minmay_lair_drake_nest

Skill      XL: |  1  2  3  4  5  6  7  8  9 10 11 12 13 |
---------------+----------------------------------------+-----
Short Blades   | 3 4 5 |  5.8
Fighting       | 3 7 9 10 12 | 12.9
Stealth        | 8 |  8.5
Long Blades    | 1 |  1.1
Crossbows      | 5 6 10 14 16 | 16.0
Invocations    | 6 7 11 | 11.0
Evocations     | 3 4 9 |  9.0
Dodging        | 5 6 8 |  8.2
Throwing       | |  2.1

Action                   |  1- 3 |  4- 6 |  7- 9 | 10-12 | 13-15 || total
-------------------------+-------+-------+-------+-------+-------++-------
Melee: Dagger            |    97 |    67 |    18 |     2 |     7 ||   191
       Punch             |       |     1 |       |       |       ||     1
       Scimitar          |       |       |     8 |       |       ||     8
 Fire: Arbalest          |       |       |   204 |   432 |   177 ||   813
Throw: Dart              |       |     5 |       |       |       ||     5
Invok: Grow Ballistomyce |       |       |       |     2 |     1 ||     3
       Grow Oklob        |       |       |       |     3 |     1 ||     4
       Overgrow          |       |       |       |     1 |     3 ||     4
       Wall of Briars    |       |       |       |     1 |     3 ||     4
Evoke: Wand              |       |       |       |     2 |     4 ||     6
  Use: Scroll            |     5 |     5 |     8 |     9 |     4 ||    31
       Potion            |       |       |     1 |     4 |     2 ||     7
 Stab: Sleeping          |    17 |    14 |     6 |       |       ||    37
       Confused          |       |       |       |     1 |     2 ||     3
Armor: Robe              |     4 |       |       |       |       ||     4
       Ring mail         |    10 |       |       |       |       ||    10
       Leather armour    |    13 |    22 |   114 |       |       ||   149
       Steam dragon scal |       |       |     1 |   123 |    25 ||   149
Dodge: Dodged            |    44 |    46 |   211 |   370 |   111 ||   782

Table legend: (Time is in decaauts)
 A = Elapsed time spent in this place.
 B = Non-inter-level travel time spent in this place.
 C = Inter-level travel time spent in this place.
 D = Time resting spent in this place.
 E = Time spent auto-exploring this place.
 F = Levels seen in this place.
 G = Mean time per level.
                   A        B        C        D        E       F      G
               +--------+--------+--------+--------+--------+-----+--------+
         Total |  19727 |  18821 |    906 |   1261 |  14759 |  16 | 1232.9 |
       Dungeon |  12448 |  11797 |    651 |    536 |   9279 |  10 | 1244.8 |
        Temple |    339 |    309 |     30 |      0 |    283 |   1 |  339.0 |
          Lair |   6664 |   6440 |    224 |    725 |   5010 |   4 | 1666.0 |
         Sewer |    276 |    276 |      0 |      0 |    186 |   1 |  276.0 |
               +--------+--------+--------+--------+--------+-----+--------+

Top non-repeatable levels by time:
  Lair:1: 2454 daAuts
  Lair:3: 2229 daAuts
    D:10: 1967 daAuts
  Lair:2: 1929 daAuts
     D:6: 1771 daAuts
     D:5: 1471 daAuts
     D:9: 1395 daAuts
     D:7: 1340 daAuts
     D:2: 1135 daAuts
     D:1: 1031 daAuts
     D:4: 916 daAuts
     D:8: 913 daAuts
     D:3: 506 daAuts
  Temple: 339 daAuts
   Sewer: 276 daAuts
